 Dungeon Crawl Stone Soup version 0.29.1-2-gbd0b4ee654 (webtiles) character file.

Game seed: 11558518589854256593

1892 qeuew the Trooper (level 9, -3/71 HPs)
             Began as a Barachi Fighter on Nov 10, 2022.
             Shot with a sling bullet by Joseph (21 damage)
             ... on level 7 of the Dungeon.
             The game lasted 00:09:03 (8598 turns).

qeuew the Trooper (Barachi Fighter)                 Turns: 8598, Time: 00:09:04

Health: -3/71      AC:  7    Str: 17    XL:     9   Next: 15%
Magic:  9/9        EV: 11    Int:  8    God:
Gold:   242        SH: 10    Dex: 15    Spells: 8/8 levels left

rFire   . . .      SeeInvis .   a - +0 war axe
rCold   + . .      Faith    .   p - +0 kite shield
rNeg    . . .      Spirit   .   b - +0 scale mail
rPois   .          Reflect  .   (no helmet)
rElec   .          Harm     .   (no cloak)
rCorr   .          Rampage  .   (no gloves)
Will    +....                   (no boots)
Stlth   +.........              f - amulet of the acrobat
HPRegen 0.21/turn               i - ring of willpower
MPRegen 0.11/turn               (no ring)

@: slow
A: amphibious, slowness 1, strong legs 1, +LOS, cold resistance 1, dopey 1,
sturdy frame 1
a: Hop


You were on level 7 of the Dungeon.
You visited 1 branch of the dungeon, and saw 7 of its levels.

You collected 242 gold pieces.

Inventory:

Hand Weapons
 a - a +0 war axe (weapon)
Missiles
 s - 12 boomerangs of dispersal
Armour
 b - a +0 scale mail (worn)
 p - a +0 kite shield (worn)
Jewellery
 f - an amulet of the acrobat (around neck)
 i - a ring of willpower (left hand)
Wands
 j - a wand of polymorph (9)
 l - a wand of roots (8) (quivered)
Scrolls
 g - 3 scrolls of teleportation
 h - a scroll of enchant weapon
Potions
 k - a potion of cancellation
 m - 2 potions of haste
 q - a potion of magic
 r - a potion of brilliance


   Skills:
 + Level 6.9 Fighting
 + Level 5.8 Axes
 + Level 6.9 Armour
 + Level 5.0 Dodging
 + Level 6.2 Shields
 + Level 4.1 Evocations


You had 8 spell levels left.
You didn't know any spells.
Your spell library contained the following spells:

 Spells                   Type           Power      Damage    Failure   Level
 Necrotise                Necr           0%         1d4       93%         1
 Summon Small Mammal      Summ           0%         N/A       93%         1
 Call Canine Familiar     Summ           0%         N/A       100%        3
 Inner Flame              Hex/Fire       0%         N/A       100%        3
 Summon Guardian Golem    Hex/Summ       0%         N/A       100%        3
 Vampiric Draining        Necr           0%         2d6       100%        3
 Cause Fear               Hex            0%         N/A       100%        4
 Summon Ice Beast         Ice/Summ       0%         N/A       100%        4
 Agony                    Necr           0%         N/A       100%        5
 Summon Mana Viper        Hex/Summ       0%         N/A       100%        5
 Monstrous Menagerie      Summ           0%         N/A       100%        7
 Discord                  Hex            0%         N/A       100%        8


Dungeon Overview and Level Annotations

Branches:
Dungeon (7/15)
 Temple: D:4-7

Altars:
Elyvilon
Gozag
Qazlal
Trog
Zin
The Shining One

Shops:
D:2 (   D:4 :

Annotations:
D:7 Joseph


Innate Abilities, Weirdness & Mutations

You are amphibious.
You cover ground slowly.
You can hop short distances.
You have an extended range of vision and can be seen from far away.
Your flesh is cold resistant. (rC+)
You are dopey. (Int -2)
Your movements are slightly less encumbered by armour. (ER -2)


Message History

You feel your power leaking away.
The gnoll sergeant hits you but does no damage.
You hit the gnoll sergeant but do no damage.
The gnoll sergeant is moderately wounded.
The gnoll sergeant hits you with a +0 antimagic spear.
You barely miss the gnoll sergeant.
The gnoll sergeant is moderately wounded.
The gnoll sergeant barely misses you.
You hit the gnoll sergeant but do no damage.
The gnoll sergeant is moderately wounded.
The gnoll sergeant barely misses you.
The gnoll sergeant hits you with a +0 antimagic spear!
* * * LOW HITPOINT WARNING * * *
You feel your power leaking away.
You feel very mighty all of a sudden.
The gnoll sergeant hits you with a +0 antimagic spear!
* * * LOW HITPOINT WARNING * * *
You slash the gnoll sergeant!
The gnoll sergeant is severely wounded.
The gnoll sergeant hits you with a +0 antimagic spear!
* * * LOW HITPOINT WARNING * * *
You barely miss the gnoll sergeant.
The gnoll sergeant is severely wounded.
You block the gnoll sergeant's attack.
You slash the gnoll sergeant!
You kill the gnoll sergeant!
Your Dodging skill increases to level 5!
Things that are here:
a +0 antimagic spear; a +0 ring mail
There is a stone staircase leading down here.
You start resting.
You feel a little less mighty now.
You start resting.
Magic restored.
You climb downwards.
Level annotation: Joseph The gnoll barely misses you.
There is a stone staircase leading up, spattered with blood here.
Joseph shoots a sling bullet.
The sling bullet hits you!!
You die...

...._. ......
8... ... ## #
##.###:#.# #
#..#...#.#
#.#.......(#
#.#........#
#...<.@....#
########........#
#......))..g....#
#...).).###....##
#.......# #.#..#
.......@..#
#.#..#
####.......#
#.#..# #........
.....#
#.......#.####.#


You could see Joseph and a gnoll.

Vanquished Creatures
  Sigmund (D:3)
  Eustachio (D:6)
  Edmund (D:6)
  A sky beast (D:6)
  2 black bears (D:5)
  An ogre (D:6)
  A centaur (D:6)
  2 phantoms
  2 necrophages
  A gnoll sergeant (D:6)
  3 scorpions
  3 hounds
  An orc priest (D:4)
  4 iguanas
  2 orc wizards
  10 adders
  5 gnolls
  A white imp (D:6)
  An ufetubus (D:4)
  A worm (D:2)
  A dart slug (D:2)
  13 orcs
  4 bats
  9 endoplasms
  4 giant cockroaches
  7 goblins
  9 hobgoblins
  3 quokkas
  5 ball pythons
  5 frilled lizards
  15 kobolds
  9 rats
128 creatures vanquished.

Vanquished Creatures (others)
  2 fungi (D:3)
  7 plants (D:3)
9 creatures vanquished.

Grand Total: 137 creatures vanquished

Notes
Turn   | Place    | Note
-------+----------+-------------------------------------------
     0 | D:1      | qeuew the Barachi Fighter began the quest for the Orb.
     0 | D:1      | Reached XP level 1. HP: 18/18 MP: 1/1
   278 | D:1      | Reached XP level 2. HP: 22/25 MP: 2/2
   458 | D:1      | Reached skill level 1 in Dodging
   565 | D:1      | Reached XP level 3. HP: 27/30 MP: 3/3
  1193 | D:2      | Found Dazxal's Weapon Emporium.
  1245 | D:2      | Found a glowing silver altar of Zin.
  1435 | D:2      | Reached XP level 4. HP: 37/37 MP: 4/4
  1981 | D:3      | Reached XP level 5. HP: 23/43 MP: 5/5
  2375 | D:3      | Noticed Sigmund
  2393 | D:3      | Killed Sigmund
  2394 | D:3      | Reached XP level 6. HP: 40/50 MP: 6/6
  2472 | D:3      | Reached skill level 5 in Fighting
  2472 | D:3      | Reached skill level 5 in Armour
  2607 | D:3      | Found a faded altar of an unknown god.
  3031 | D:4      | Reached XP level 7. HP: 29/56 MP: 7/7
  3041 | D:4      | Found Edeet's Tremendous Tomes.
  3579 | D:4      | Reached skill level 1 in Evocations
  3579 | D:4      | Identified the +1 leather armour "Wuicem" {Rampage}
  4136 | D:4      | Found a bloodstained altar of Trog.
  4900 | D:5      | Entered Level 5 of the Dungeon
  4973 | D:5      | Reached skill level 5 in Shields
  5164 | D:5      | Found a white marble altar of Elyvilon.
  5164 | D:5      | Found a stormy altar of Qazlal.
  5317 | D:5      | Reached XP level 8. HP: 49/64 MP: 8/8
  5976 | D:5      | Gained mutation: You are dopey. (Int -2) [potion of
                  | mutation]
  5976 | D:5      | Gained mutation: Your movements are slightly less
                  | encumbered by armour. (ER -2) [potion of mutation]
  5976 | D:5      | Gained mutation: Your flesh is cold resistant. (rC+)
                  | [potion of mutation]
  6121 | D:6      | Reached skill level 5 in Axes
  6141 | D:6      | Found a glowing golden altar of the Shining One.
  6288 | D:6      | Noticed Eustachio
  6324 | D:6      | Killed Eustachio
  7143 | D:6      | Identified the +8 rapier of Woe {antimagic, rElec rF+++
                  | Int-3 SInv}
  7178 | D:6      | Noticed Edmund
  7199 | D:6      | Killed Edmund
  7200 | D:6      | Reached XP level 9. HP: 5/71 MP: 9/9
  7732 | D:7      | Noticed Joseph
  7739 | D:7      | Found an opulent altar of Gozag.
  8525 | D:6      | HP: 3/71 [gnoll sergeant/+0 antimagic spear (7)]
  8528 | D:6      | Reached skill level 5 in Dodging
  8598 | D:7      | Shot with a sling bullet by Joseph

Illustrated notes

Levels and vault maps discovered:
D:1:      wander_arrival_peaceful_grave, layout_basic
D:2:      layout_rooms, serial_shops, nicolae_diamond_shop, basic_altar
D:3:      layout_basic, shapermc_ecumenical_altar_mp_ritualfount, serial_glass,
          glass_columns_a, glass_columns_c, st_stairs_10,
          minmay_fractal_squares_diagonal_5, uniq_sigmund
D:4:      layout_layer_cave, trog_butcher_becter, nicolae_shop_i_like_big_books
D:5:      layout_loops_ring, chequers_temple_overflow_statue_of_worship
D:6:      layout_loops_cross, lemuel_crystal_altar, minmay_unpleasant_kobolds,
          uniq_eustachio, uniq_edmund
D:7:      layout_loops_ring, makhleb_grotto_becter, lemuel_doored_altar,
          grunt_gozag_statues, fedhas_bush_and_centaur_altar,
          minmay_temple_entry_glassed_door, uniq_menkaure, uniq_joseph,
          uniq_crazy_yiuf_cottage

Skill      XL: |  1  2  3  4  5  6  7  8  9 |
---------------+----------------------------+-----
Dodging        | 1 2 3 4 5 |  5.0
Fighting       | 4 5 6 |  6.9
Armour         | 4 5 6 |  6.9
Axes           | 3 4 5 |  5.8
Shields        | 4 5 6 |  6.2
Evocations     | 2 3 4 |  4.1

Action                   |  1- 3 |  4- 6 |  7- 9 || total
-------------------------+-------+-------+-------++-------
Melee: War axe           |   106 |   136 |   278 ||   520
Evoke: Wand              |       |       |     2 ||     2
  Use: Scroll            |     2 |     2 |    10 ||    14
       Potion            |       |     2 |     5 ||     7
Armor: Scale mail        |    62 |    72 |   104 ||   238
Dodge: Dodged            |    52 |    70 |   227 ||   349
Block: Buckler           |    29 |    38 |    47 ||   114
       Kite shield       |       |       |   100 ||   100
